 Dungeon Crawl Stone Soup version 0.29.1-15-g9cfb28693d (webtiles) character file.

Game seed: 4552921402796559643

89 Heoruswealwe the Magician (level 4, 0/24 HPs)
             Began as a Deep Elf Earth Elementalist on Apr 4, 2023.
             Slain by an orc
             ... wielding a +0 club
              (2 damage)
             ... on level 3 of the Dungeon.
             The game lasted 00:13:30 (1165 turns).

Heoruswealwe the Magician (DEEE)                    Turns: 1165, Time: 00:13:31

Health: 0/24       AC:  2    Str:  5    XL:     4   Next: 31%
Magic:  6/12       EV: 12    Int: 22    God:
Gold:   42         SH:  0    Dex: 15    Spells: 6/12 levels left

rFire   . . .      SeeInvis .   f - +1 dagger (vamp)
rCold   . . .      Faith    .   (no shield)
rNeg    . . .      Spirit   .   a - +0 robe
rPois   .          Reflect  .   (no helmet)
rElec   .          Harm     .   (no cloak)
rCorr   .          Rampage  .   (no gloves)
Will    .....                   (no boots)
Stlth   ++........              (no amulet)
HPRegen 0.08/turn               (no ring)
MPRegen 0.13/turn               (no ring)

@: no status effects
A: no striking features
a: no special abilities


You were on level 3 of the Dungeon.
You visited 1 branch of the dungeon, and saw 3 of its levels.

You collected 43 gold pieces.
You donated 1 gold pieces to Zin.

Inventory:

Hand Weapons
 f - a +1 vampiric dagger (weapon)
Armour
 a - a +0 robe (worn)
Scrolls
 d - a scroll of teleportation {unknown}
 e - a scroll of immolation {unknown}
 h - a scroll of fog {unknown}
 j - 2 scrolls of blinking
 l - a scroll of torment {unknown}
 m - a scroll of brand weapon {unknown}
 n - a scroll of enchant armour {unknown}
Potions
 b - a potion of magic
 c - 2 potions of lignification {unknown}
 g - a potion of degeneration {unknown}
 i - a potion of flight {unknown}
 k - a potion of might {unknown}


   Skills:
 - Level 2.4 Dodging
 - Level 2.4 Stealth
 + Level 4.9 Spellcasting
 - Level 1.1 Transmutations
 + Level 4.6 Earth Magic


You had 6 spell levels left.
You knew the following spells:

 Your Spells              Type           Power      Damage    Failure   Level
a - Sandblast             Erth           50%        2d12      1%          1
b - Stone Arrow           Conj/Erth      30%        3d8       12%         3
z - Passwall              Tmut/Erth      15%        N/A       4%          2

Your spell library contained the following spells:

 Spells                   Type           Power      Damage    Failure   Level
 Petrify                  Tmut/Erth      18%        N/A       30%         4


Dungeon Overview and Level Annotations

Branches:
Dungeon (3/15)

Altars:
Zin
The Shining One


Message History

Confirm with . or Enter, or press ? or * to list all spells.
Aiming: Sandblast (safe; 1% risk of failure)
Press: ? - help, Shift-Dir - straight line, f/p - giant cockroach
Aim: a giant cockroach (heavily wounded, 83% to hit)
The blast of sand misses the giant cockroach.
The blast of sand hits the orc.
The orc is almost dead.
The giant cockroach bites you.
* * * LOW HITPOINT WARNING * * *
The giant cockroach bites you.
* * * LOW HITPOINT WARNING * * *
You closely miss the giant cockroach.
The giant cockroach is heavily wounded.
The giant cockroach misses you.
You hit the giant cockroach but do no damage.
The giant cockroach is heavily wounded.
The giant cockroach misses you.
You barely miss the giant cockroach.
The giant cockroach is heavily wounded.
The giant cockroach closely misses you.
You hit the giant cockroach.
You feel better.
The giant cockroach is heavily wounded.
The giant cockroach bites you but does no damage.
You hit the giant cockroach.
You kill the giant cockroach!
You hit the orc.
You feel better.
You kill the orc!
You closely miss the orc. The orc misses you.
You hit the orc.
You feel better.
The orc is almost dead.
The orc hits you with a +0 club.
* * * LOW HITPOINT WARNING * * *
You barely miss the orc.
The orc is almost dead.
The orc hits you with a +0 club.
* * * LOW HITPOINT WARNING * * *
You closely miss the orc.
The orc is severely wounded.
The orc hits you with a +0 club.
You die...

#.# #.# #.#
#.# #.# #.#
####w########
#.@oSo.......
#.###...#.#..
#..<#.#......
#####o...###.
#....†.#.#
#.##...S.#
#.#..... ..
..##.# ..#
#.# g#


You could see a worm, 2 orcs and a ball python.

Vanquished Creatures
  3 adders
  A worm (D:2)
  A dart slug (D:1)
  An orc (D:3)
  A ball python (D:2)
  6 endoplasms
  3 giant cockroaches
  7 hobgoblins
  4 jackals (D:2)
  4 kobolds (D:1)
  2 quokkas
  6 bats
  5 frilled lizards
  3 goblins
  7 rats
54 creatures vanquished.

Notes
Turn   | Place    | Note
-------+----------+-------------------------------------------
     0 | D:1      | Heoruswealwe the Deep Elf Earth Elementalist began the
                  | quest for the Orb.
     0 | D:1      | Reached XP level 1. HP: 10/10 MP: 6/6
    54 | D:1      | Reached XP level 2. HP: 15/15 MP: 2/8
    57 | D:1      | Learned a level 2 spell: Passwall
    93 | D:1      | Found a faded altar of an unknown god.
   114 | D:1      | Prayed at the altar of an unknown god.
   114 | D:1      | Became a worshipper of Zin the Law-Giver
   114 | D:1      | Reached * piety under Zin
   115 | D:1      | Fell from the grace of Zin
   460 | D:2      | Reached XP level 3. HP: 19/19 MP: 8/10
   464 | D:2      | Learned a level 3 spell: Stone Arrow
   799 | D:2      | Found a glowing golden altar of the Shining One.
  1144 | D:3      | Reached XP level 4. HP: 24/24 MP: 10/12
  1165 | D:3      | Slain by an orc

Illustrated notes

Levels and vault maps discovered:
D:1:      psy_arrival_statuary, layout_rooms, hellmonk_ecumenical_altar_run_dry
D:2:      layout_basic, basic_altar
D:3:      layout_basic, minmay_fractal_squares_5

Skill      XL: |  1  2 |
---------------+-------+-----
Spellcasting   | 4 |  4.9
Earth Magic    | 4 |  4.6
Dodging        | |  2.4
Stealth        | |  2.4
Transmutations | |  1.1

Action                   |  1- 3 |  4- 6 || total
-------------------------+-------+-------++-------
Melee: Dagger            |       |    10 ||    10
 Cast: Sandblast         |    58 |     7 ||    65
       Passwall          |     3 |       ||     3
Invok: Renounce Religion |     1 |       ||     1
  Use: Scroll            |     1 |       ||     1
Armor: Robe              |     1 |     4 ||     5
Dodge: Dodged            |     5 |     9 ||    14
